 Dungeon Crawl Stone Soup version 0.25-a0-94-g9e23508adf (webtiles) character file.

Game seed: 16308003617135732097, levelgen mode: deterministic

31598 Napalmbreeze the Geomancer (level 13, -10/78 HPs)
             Began as a Deep Elf Earth Elementalist on Nov 9, 2019.
             Was a High Priest of Vehumet.
             Mangled by a spiny frog (24 damage)
             ... on level 6 of the Lair of Beasts on Nov 11, 2019.
             The game lasted 00:58:06 (18634 turns).

Napalmbreeze the Geomancer (DEEE)                  Turns: 18634, Time: 00:58:07

Health: -10/78     AC:  8    Str:  5    XL:     13   Next: 26%
Magic:  17/31      EV: 15    Int: 26    God:    Vehumet [*****.]
Gold:   806        SH:  7    Dex: 15    Spells: 19/37 levels left

rFire    . . .     SeeInvis .   c - +2 whip (flame)
rCold    + + .     Gourm    .   R - +2 buckler {rC+}
rNeg     . . .     Faith    .   a - +2 robe {MR+}
rPois    .         Spirit   .   P - +0 helmet
rElec    .         Reflect  .   E - scarf {cloud immunity}
rCorr    .         Harm     .   I - +2 pair of gloves
MR       +++..                  (no boots)
Stlth    ++........             (no amulet)
HPRegen  0.23/turn              S - ring of protection from magic
MPRegen  0.22/turn              A - ring of protection from cold

@: hasted, very quick
A: no striking features
a: Renounce Religion


You were on level 6 of the Lair of Beasts.
You worshipped Vehumet.
Vehumet was extremely pleased with you.
You were not hungry.

You visited 3 branches of the dungeon, and saw 18 of its levels.
You also visited: Sewer and Ossuary.

You collected 806 gold pieces.

Inventory:

Hand Weapons
 c - a +2 whip of flaming (weapon)
 n - a +0 dagger
Missiles
 b - 179 stones (quivered)
Armour
 a - a +2 robe of magic resistance (worn)
 g - a +0 shield
 E - a scarf of cloud immunity (worn)
 I - a +2 pair of gloves (worn)
 N - a +2 robe of the Archmagi
 P - a +0 helmet (worn)
 R - a +2 buckler of cold resistance (worn)
Magical Staves
 Q - an uncursed staff of air
 V - an uncursed staff of cold
Jewellery
 e - an uncursed ring of protection from fire
 A - a ring of protection from cold (right hand)
 B - an uncursed ring of flight
 S - a ring of protection from magic (left hand)
 T - an uncursed ring of positive energy
Wands
 y - a wand of acid (18)
 D - a wand of iceblast (13)
 K - a wand of flame (43)
 L - a wand of polymorph (18)
 M - a wand of enslavement (24)
 U - a wand of paralysis (7)
Scrolls
 h - 3 scrolls of enchant armour
 i - 3 scrolls of amnesia
 j - 8 scrolls of remove curse
 l - 10 scrolls of teleportation
 q - a scroll of vulnerability {unknown}
 u - 2 scrolls of blinking
 z - a scroll of fear
 C - 3 scrolls of fog
 F - 5 scrolls of immolation
 J - 4 scrolls of magic mapping
 O - 2 scrolls of noise {unknown}
 W - a scroll of acquirement {unknown}
Potions
 f - 4 potions of might
 k - 5 potions of agility
 m - 3 potions of haste
 o - 7 potions of magic
 p - 2 potions of lignification
 r - 11 potions of curing
 s - 4 potions of flight
 t - 2 potions of mutation {unknown}
 v - 5 potions of heal wounds
 w - 3 potions of cancellation {unknown}
 x - a potion of resistance {unknown}
 G - 4 potions of berserk rage {unknown}
 H - 2 potions of brilliance {unknown}
Comestibles
 d - 40 rations
 X - 8 chunks of flesh


   Skills:
 - Level 8.0 Fighting
 - Level 5.0 Dodging
 - Level 2.4 Stealth
 - Level 4.0 Shields
 + Level 12.8 Spellcasting
 - Level 10.0 Conjurations
 - Level 8.0 Transmutations
 - Level 14.0 Earth Magic


You had 19 spell levels left.
You knew the following spells:

 Your Spells              Type           Power        Failure   Level  Hunger
a - Sandblast             Erth           ######       0%          1    None
d - Petrify               Tmut/Erth      ######..     1%          4    None
e - Lee's Rapid Deconstr  Erth           ######....   1%          5    ###....
r - Lightning Bolt        Conj/Air       #####.....   3%          5    ###....
s - Stone Arrow           Conj/Erth      ######       1%          3    None

Your spell library contained the following spells:

 Spells                   Type           Power        Failure   Level  Hunger
 Irradiate                Conj/Tmut      ######....   1%          5    ###....
 Freeze                   Ice            ###.         1%          1    None
 Magic Dart               Conj           ####         1%          1    None
 Passwall                 Tmut/Erth      ######..     1%          2    None
 Throw Frost              Conj/Ice       #####.       1%          2    None
 Conjure Flame            Conj/Fire      #####...     1%          3    None
 Mephitic Cloud           Conj/Pois/Air  ####....     1%          3    None
 Throw Icicle             Conj/Ice       #####...     1%          4    None
 Blink                    Tloc           N/A          5%          2    None
 Call Imp                 Summ           ###.....     5%          2    None
 Poisonous Vapours        Pois/Air       ###...       5%          2    None
 Slow                     Hex            ###.....     5%          2    None
 Yara's Violent Unravell  Hex/Tmut       #####.....   5%          5    ###....
 Ozocubu's Armour         Chrm/Ice       ###.....     11%         3    None
 Freezing Cloud           Conj/Ice/Air   ####......   32%         6    #####..
 Cause Fear               Hex            ###.......   34%         4    None
 Summon Ice Beast         Ice/Summ       ###.....     34%         4    None
 Silence                  Hex/Air        ###.......   67%         5    ###....
 Deflect Missiles         Chrm/Air       ###.......   99%         6    #####..
 Ring of Flames           Chrm/Fire      ###.......   100%        7    ######.
 Discord                  Hex            ###.......   100%        8    #######


Dungeon Overview and Level Annotations

Branches:
Dungeon (11/15)            Temple (1/1) D:6            Lair (6/6) D:10
  Swamp (0/4) Lair:4        Snake (0/4) Lair:3        Slime (0/5) Lair:6
    Orc (0/2) D:9           Sewer (visited)         Ossuary (visited)

Altars:
Ashenzari
Cheibriados
Dithmenos
Elyvilon
Fedhas
Gozag
Hepliaklqana
Kikubaaqudgha
Makhleb
Nemelex Xobeh
Okawaru
Qazlal
Ru
Sif Muna
Trog
Uskayaw
Vehumet
Wu Jian
Xom
Yredelemnul
Zin
The Shining One

Annotations:
D:3 1 runed translucent door, stillor's ghost, amateur DrCj
D:11 Erolcha


Message History

The bolt of lightning hits the spiny frog!
The spiny frog is heavily wounded.
The bolt of lightning misses the rime drake.
The bolt of lightning hits the yak!
The yak is almost dead.
The bolt of lightning hits the yak!
The yak is lightly wounded.
The spiny frog stings you!
* * * LOW HITPOINT WARNING * * *
You are lethally poisoned!
The spiny frog poisons you!
Unknown command.
Unknown command.
You feel better.
Unknown command.
Unknown command.
Unknown command.
As you read the scroll of fog, it crumbles to dust.
The scroll dissolves into smoke.
The spiny frog stings you!!
You die...

#...............
##.........$#..#
###........####
##.........##
####.......Y..#
#.##......Y.###
##.P.....k§..#
#P.....§§F§#.#
##.....§@Y...#
##...§§P§.###
#########..§....P#
###....##.........##
#................#.#
##................##
#P#..............#######
#####.P...............P##
####........#÷......#P.#


You could see a yak, a spiny frog and a rime drake.

Vanquished Creatures
  A two-headed ogre (D:10)
  Urug (Lair:3)
  Pikel (D:4)
  An ugly thing (D:11)
  7 elephants
  Psyche (D:11)
  5 black mambas
  9 spiny frogs
  5 komodo dragons
  2 trolls
  9 blink frogs
  A bog body (Lair:4)
  A dream sheep (Lair:1)
  7 hippogriffs
  43 yaks
  2 wyverns
  2 basilisks (Lair:3)
  Menkaure (D:5)
  Edmund (D:5)
  5 nagas (Lair:3)
  A soldier ant (D:11)
  9 water moccasins
  14 porcupines
  6 orc warriors
  A sky beast (D:10)
  A slave (D:4)
  2 ice beasts
  3 phantoms
  An eye of draining (D:8)
  8 ogres
  2 centaurs
  10 crocodiles
  5 elf zombies (Ossuary)
  7 bullfrogs
  2 wyvern skeletons
  2 scorpions
  A water moccasin skeleton (D:8)
  17 killer bees
  8 wights
  4 electric eels (Lair:5)
  3 howler monkeys
  4 crimson imps
  A quasit (D:10)
  7 centaur zombies
  2 bullfrog zombies
  A human zombie (Ossuary)
  4 orc priests
  12 orc wizards
  2 hounds
  11 jellies (Lair:6)
  2 bullfrog skeletons
  A centaur skeleton (D:10)
  Jessica (D:2)
  3 iguanas
  11 worker ants
  2 hound zombies
  3 mummies (Ossuary)
  A howler monkey zombie (D:10)
  13 adders
  4 gnolls (D:5)
  3 worker ant zombies
  A river rat (D:3)
  4 shadow imps
  2 oozes
  An adder skeleton (D:5)
  2 worms
  6 leopard geckos
  36 orcs
  8 bats
  7 giant cockroaches
  7 goblins
  6 hobgoblins
  21 jackals
  9 kobolds
  5 quokkas
  8 ball pythons
  12 frilled lizards
  7 rats
442 creatures vanquished.

Vanquished Creatures (others)
  The ghost of Ylyqemot the Thaumaturge, a journeyman DEFE of Vehumet (Lair:1)
  An adder (D:4)
  6 fungi (Lair:6)
  8 plants
16 creatures vanquished.

Grand Total: 458 creatures vanquished

Notes
Turn   | Place    | Note
-------+----------+-------------------------------------------
     0 | D:1      | Napalmbreeze the Deep Elf Earth Elementalist began the
                  | quest for the Orb.
     0 | D:1      | Reached XP level 1. HP: 10/10 MP: 6/6
   205 | D:1      | Reached XP level 2. HP: 13/15 MP: 6/8
   532 | D:1      | Reached skill level 4 in Earth Magic
  1123 | D:2      | Reached XP level 3. HP: 19/19 MP: 7/10
  1128 | D:2      | Learned a level 3 spell: Stone Arrow
  1330 | D:2      | Reached skill level 5 in Earth Magic
  1330 | D:2      | Reached XP level 4. HP: 24/24 MP: 4/12
  1692 | D:2      | Noticed Jessica
  1703 | D:2      | Killed Jessica
  1807 | D:3      | Found a snail-covered altar of Cheibriados.
  1931 | D:3      | Reached XP level 5. HP: 28/28 MP: 12/14
  2014 | D:3      | Reached skill level 5 in Spellcasting
  2107 | D:3      | Found a runed translucent door.
  2107 | D:3      | Noticed stillor's ghost (amateur DrCj)
  2110 | D:3      | Reached skill level 6 in Earth Magic
  2240 | D:3      | Found a glowing drain.
  2253 | Sewer    | Entered a sewer
  3134 | D:3      | Reached XP level 6. HP: 29/32 MP: 14/16
  3154 | D:3      | Learned a level 5 spell: Lee's Rapid Deconstruction
  3159 | D:3      | Learned a level 4 spell: Petrify
  3991 | D:4      | Reached skill level 7 in Earth Magic
  4054 | D:4      | Reached XP level 7. HP: 36/36 MP: 15/18
  4325 | D:4      | Found an ornate altar of the Wu Jian Council.
  4325 | D:4      | Found a shattered altar of Ashenzari.
  4460 | D:4      | Noticed Pikel
  4475 | D:4      | Killed Pikel
  4475 | D:4      | Reached XP level 8. HP: 37/41 MP: 1/22
  4595 | D:5      | Entered Level 5 of the Dungeon
  4600 | D:5      | Reached skill level 5 in Transmutations
  4898 | D:5      | Reached skill level 1 in Fighting
  5029 | D:5      | Noticed Edmund
  5035 | D:5      | Killed Edmund
  5328 | D:5      | Noticed Menkaure
  5340 | D:5      | Killed Menkaure
  5574 | D:6      | Found a staircase to the Ecumenical Temple.
  5578 | Temple   | Entered the Ecumenical Temple
  5664 | Temple   | Became a worshipper of Vehumet
  5867 | D:6      | Found a sand-covered staircase.
  5876 | Ossuary  | Entered an ossuary
  5895 | Ossuary  | Reached XP level 9. HP: 45/49 MP: 1/24
  6071 | Ossuary  | Reached skill level 5 in Dodging
  6187 | Ossuary  | Reached skill level 10 in Spellcasting
  6436 | D:6      | Reached * piety under Vehumet
  6436 | D:6      | Offered knowledge of Shock by Vehumet.
  6722 | D:6      | Found a stormy altar of Qazlal.
  7231 | D:7      | Reached skill level 5 in Fighting
  7356 | D:7      | Reached skill level 1 in Conjurations
  7480 | D:7      | Offered knowledge of Throw Flame by Vehumet.
  7605 | D:7      | Reached ** piety under Vehumet
  7855 | D:8      | You fall into a shaft and drop 3 floors!
  7902 | D:11     | Noticed a white ugly thing
  7936 | D:11     | Reached XP level 10. HP: 59/59 MP: 13/26
  7942 | D:11     | Noticed Psyche
  7946 | D:11     | Killed Psyche
  7946 | D:11     | Reached skill level 5 in Conjurations
  8118 | D:11     | Noticed a white ugly thing
  8437 | D:11     | Noticed Erolcha
  8540 | D:11     | Killed a white ugly thing
  8654 | D:10     | Entered Level 10 of the Dungeon
  9336 | D:9      | Offered knowledge of Dazzling Spray by Vehumet.
  9840 | D:8      | Reached *** piety under Vehumet
 10265 | D:8      | Found a shimmering blue altar of Sif Muna.
 10538 | D:9      | Found a staircase to the Orcish Mines.
 10633 | D:9      | Found a bloodstained altar of Trog.
 10635 | D:9      | Found a white marble altar of Elyvilon.
 10683 | D:10     | Reached XP level 11. HP: 65/65 MP: 21/27
 11198 | D:10     | Offered knowledge of Static Discharge by Vehumet.
 11252 | D:10     | Found a staircase to the Lair.
 11324 | D:10     | Reached skill level 10 in Conjurations
 11415 | D:10     | Noticed a two-headed ogre
 11440 | D:10     | Killed a two-headed ogre
 11440 | D:10     | Reached skill level 1 in Shields
 11752 | D:10     | Upgraded the game from 0.25-a0-86-ga6f17ae7d4 to
                  | 0.25-a0-94-g9e23508adf
 11818 | Lair:1   | Entered Level 1 of the Lair of Beasts
 12227 | Lair:1   | Reached **** piety under Vehumet
 12419 | Lair:1   | Offered knowledge of Lightning Bolt by Vehumet.
 12426 | Lair:1   | Learned a level 5 spell: Lightning Bolt
 12518 | Lair:1   | Found a runed translucent door.
 12533 | Lair:1   | Noticed Ylyqemot's ghost (journeyman DEFE)
 12574 | Lair:1   | Killed Ylyqemot's ghost
 12645 | Lair:1   | Reached skill level 8 in Earth Magic
 13250 | Lair:2   | Reached XP level 12. HP: 73/73 MP: 17/29
 13511 | Lair:2   | Reached skill level 9 in Earth Magic
 14255 | Lair:3   | Found a staircase to the Snake Pit.
 14328 | Lair:3   | Noticed Urug
 14598 | Lair:3   | Reached skill level 10 in Earth Magic
 14657 | Lair:3   | Killed Urug
 14657 | Lair:3   | Reached ***** piety under Vehumet
 14908 | Lair:3   | Offered knowledge of Irradiate by Vehumet.
 15405 | Lair:4   | Reached skill level 11 in Earth Magic
 15470 | Lair:4   | Found a staircase to the Swamp.
 16347 | Lair:5   | Reached skill level 12 in Earth Magic
 16866 | Lair:5   | Reached skill level 13 in Earth Magic
 17475 | Lair:6   | Entered Level 6 of the Lair of Beasts
 17768 | Lair:6   | Reached XP level 13. HP: 78/78 MP: 28/31
 17923 | Lair:6   | Reached skill level 14 in Earth Magic
 18542 | Lair:6   | Found a staircase to the Slime Pits.
 18634 | Lair:6   | Mangled by a spiny frog

Levels and vault maps discovered:
D:1:      dpeg_arrival_solitude, layout_basic
D:2:      layout_rooms, first_ration, uniq_jessica
D:3:      layout_basic, cheibriados_altar_1, portal_sewer_entry_b,
          ebering_ghost_sewer_d
D:4:      layout_basic, gammafunk_temple_overflow_wave, uniq_pikel
D:5:      cheibrodos_iron_armory, layout_basic, uniq_edmund, uniq_menkaure
D:6:      layout_gridville, kennysheep_mini_moat, minmay_temple_entry_grid,
          enter_ossuary_1, roderic_lattice_a, dk_vineyard_3
D:7:      layout_cave_pools, grunt_decor_resistance
D:8:      layout_rooms, grunt_ogre_cave, minmay_misc_feat_enclosed, led_sif_pool
D:9:      layout_loops_ring, nicolae_overflow_hidden_temple, orc_0_dummy,
          minmay_misc_feat_plants
D:10:     layout_cave_pods, lair_entry_dummy, minmay_diamond_spiral
D:11:     layout_stronghold, basic_altar, serial_shops, shop,
          hangedman_incinerator, uniq_erolcha, uniq_psyche
Temple:   regret_index_temple_sphere_string
Lair:1:   layout_regular_city, ebering_ghost_inner_flame
Lair:2:   layout_misc_corridors, st_stairs_4, chequers_serial_rivers_small_b,
          serial_bayou_pond_c
Lair:3:   layout_gridlike, minmay_snake_entry_guardpost_medium,
          grunt_megastairs_1, serial_bayou_shore_b, uniq_urug
Lair:4:   layout_gridlike, skrybe_swamp_entry_bodies
Lair:5:   layout_regular_city, serial_bayou_lagoon_b, serial_bayou_shore_b,
          lemuel_fruit_fields
Lair:6:   hangedman_lair_caniforms_friends, layout_hall_layers,
          minmay_slime_entry_jelly_boxes

Skill      XL: |  1  2  3  4  5  6  7  8  9 10 11 12 13 |
---------------+----------------------------------------+-----
Earth Magic    | 4 5 6 7 8 13 14 | 14.0
Spellcasting   | 4 5 6 8 9 10 11 12 | 12.8
Transmutations | 2 4 6 8 |  8.0
Fighting       | 2 5 6 8 |  8.0
Dodging        | 4 5 |  5.0
Conjurations   | 4 9 10 | 10.0
Shields        | 4 |  4.0
Stealth        | |  2.4

Action                   |  1- 3 |  4- 6 |  7- 9 | 10-12 | 13-15 || total
-------------------------+-------+-------+-------+-------+-------++-------
Melee: Dagger            |       |   246 |     8 |    11 |       ||   265
       Whip              |       |       |       |     2 |     1 ||     3
Throw: Stone             |       |     2 |       |       |       ||     2
 Cast: Sandblast         |    49 |    87 |    62 |   167 |    52 ||   417
       Stone Arrow       |     1 |    11 |    58 |   212 |     9 ||   291
       Lee's Rapid Decon |       |     2 |    24 |    59 |     8 ||    93
       Lightning Bolt    |       |       |       |     7 |     9 ||    16
       Petrify           |       |       |       |     6 |       ||     6
Evoke: Wand              |       |       |       |     1 |       ||     1
  Use: Scroll            |       |     5 |     2 |     9 |     1 ||    17
       Potion            |       |       |       |       |     3 ||     3
  Eat: Chunk             |     1 |    11 |     9 |    31 |     3 ||    55
       Ration            |       |       |     2 |     3 |       ||     5
Armor: Robe              |     2 |    36 |    12 |    18 |     6 ||    74
Dodge: Dodged            |     9 |   102 |    34 |    79 |    30 ||   254
Block: Buckler           |       |       |       |    40 |    11 ||    51

Table legend:
 A = Non-vault XP
 B = Vault XP
 C = Vault XP percentage of total XP
 D = Non-vault monster count
 E = Vault monster count
 F = Vault count percentage of total count
                 A         B        C        D         E       F
            +---------+---------+-------+---------+---------+-------
      Total |   38059 |    7081 |  15.7 |     365 |      77 |  17.4
            +---------+---------+-------+---------+---------+-------
        D:1 |      38 |       0 |   0.0 |      22 |       0 |   0.0
        D:2 |     111 |      37 |  25.0 |      24 |       1 |   4.0
        D:3 |     139 |      17 |  10.9 |      24 |       4 |  14.3
        D:4 |     424 |     607 |  58.9 |      14 |       1 |   6.7
        D:5 |     750 |     332 |  30.7 |      32 |       2 |   5.9
        D:6 |     898 |       0 |   0.0 |      12 |       0 |   0.0
        D:7 |     949 |       0 |   0.0 |      22 |       0 |   0.0
        D:8 |     862 |     118 |  12.0 |      17 |       1 |   5.6
        D:9 |    1534 |       0 |   0.0 |      18 |       0 |   0.0
       D:10 |    3800 |     456 |  10.7 |      49 |       4 |   7.5
       D:11 |    1460 |     434 |  22.9 |      13 |       1 |   7.1
     Lair:1 |    6540 |    1029 |  13.6 |      34 |       2 |   5.6
     Lair:2 |    2432 |     235 |   8.8 |      12 |       2 |  14.3
     Lair:3 |    2328 |    2166 |  48.2 |      13 |       8 |  38.1
     Lair:4 |    2554 |     274 |   9.7 |       9 |       1 |  10.0
     Lair:5 |    5707 |       0 |   0.0 |      24 |       0 |   0.0
     Lair:6 |    7533 |     476 |   5.9 |      26 |      12 |  31.6
      Sewer |       0 |      73 | 100.0 |       0 |      23 | 100.0
    Ossuary |       0 |     827 | 100.0 |       0 |      15 | 100.0
            +---------+---------+-------+---------+---------+-------
